 Dungeon Sprint DCSS version 0.28.0-47-ge53b351184 (webtiles) character file.

Game seed: 6961643366119938816

130 Iusername the Skirmisher (level 4, -3/47 HPs)
             Began as a Minotaur Fighter on Apr 28, 2022.
             Engulfed by an ice statue's freezing vapour (13 damage)
             ... in the Dungeon (Sprint II: "The Violet Keep of Menkaure").
             The game lasted 00:00:21 (226 turns).

Iusername the Skirmisher (Minotaur Fighter)          Turns: 226, Time: 00:00:22

Health: -3/47      AC:  7    Str: 22    XL:     4   Next: 90%
Magic:  3/3        EV:  9    Int:  5    God:
Gold:   243        SH:  5    Dex: 10    Spells: 3/3 levels left

rFire   . . .      SeeInvis .   a - +0 long sword
rCold   . . .      Faith    .   c - +0 buckler
rNeg    . . .      Spirit   .   b - +0 scale mail
rPois   .          Reflect  .   (helmet restricted)
rElec   .          Harm     .   (no cloak)
rCorr   .          Rampage  .   (no gloves)
Will    .....      NoTele   +   (no boots)
Stlth   ..........              (no amulet)
HPRegen 0.15/turn               (no ring)
MPRegen 0.08/turn               (no ring)

@: very slow
A: horns 2, retaliatory headbutt
a: no special abilities


You were in the Dungeon.
You visited 1 branch You collected 243 gold pieces.

Inventory:

Hand Weapons
 a - a +0 long sword (weapon)
Armour
 b - a +0 scale mail (worn)
 c - a +0 buckler (worn)
Scrolls
 j - a scroll of blinking
Potions
 d - a potion of might
 e - a potion of curing
 f - a potion of heal wounds
 g - a potion of haste
 h - 2 potions of magic
 i - a potion of berserk rage


   Skills:
 + Level 7.3 Fighting
 + Level 4.9 Long Blades
 + Level 7.0 Armour
 + Level 7.3 Shields


You had 3 spell levels left.
You didn't know any spells.
Your spell library was empty.

Dungeon Overview and Level Annotations

Branches:
Dungeon (1/1)

Altars:

Shops:
D =[(=[**::

Annotations:
D exclusion: ice statue


Innate Abilities, Weirdness & Mutations

You have a pair of horns on your head.
You reflexively headbutt those who attack you in melee.


Message History

You block Menkaure's attack.
You slash Menkaure!
You destroy Menkaure!
Your Fighting skill gained 3 levels and is now at level 7!
Your Long Blades skill gained 2 levels and is now at level 4!
Your Armour skill gained 3 levels and is now at level 7!
Your Shields skill gained 3 levels and is now at level 7!
You have reached level 3!
Your experience leads to an increase in your attributes!
Increase (S)trength, (I)ntelligence, or (D)exterity?
You feel stronger. x2
You have reached level 4!
You feel agile.
The ice statue glitters chillingly in the dim dungeon light.
The ice statue glitters chillingly in the dim dungeon light.
The ice statue glitters chillingly in the dim dungeon light.
The ice statue glitters chillingly in the dim dungeon light.
The ice statue glitters chillingly in the dim dungeon light.
You open the gate.
An ice statue is nearby!
An ice statue is nearby!
No reachable target in view!
An ice statue is nearby!
No reachable target in view!
An ice statue is nearby!
Found Maholin's Book Shoppe and Wezoshro's Book Emporium.
The ice statue gestures at you. The freezing blast misses you.
Found Fiep's Assorted Antiques and Juh Lal's General Store.
You are engulfed in freezing vapours.
Found Qyhutzu's Jewellery Shoppe and Soeczu's Antique Armour Emporium.
You enter the shallow water.
Moving in this stuff is going to be slow.
Found Dalotsa's Antique Weapon Shoppe.
The ice statue gestures at you. The freezing blast engulfs you!
* * * LOW HITPOINT WARNING * * *
Found Qaxzuy Cogra's Jewellery Emporium and Loeghire's Antique Armour Shoppe.
You are engulfed in freezing vapours.
You die...

####+####
##°≈≈≈°°°##
##○≈°°≈°≈°≈##
+≈°≈°≈8°°≈≈≈#
###≈≈°≈°°°°°#
#≈##≈°○°○°○#
#######○°#°°○#+++##
######≈@○°°○°.....#
.....#≈○○°°##○##..#
.⌠...#○○○≈###..##
∩.∩..#≈≈≈≈#.##..#
.∩.∩.#≈≈####†#.##
∩.∩.∩#≈## #'##
...∩.#≈ ##.##
....∩+≈ +.<.+ ##.##


There were no monsters in sight!

Vanquished Creatures
  Menkaure (D)
  3 worms (D)
4 creatures vanquished.

Vanquished Creatures (others)
  A water moccasin (D)
1 creature vanquished.

Grand Total: 5 creatures vanquished

Notes
Turn   | Place    | Note
-------+----------+-------------------------------------------
     0 | D        | Iusername the Minotaur Fighter began the quest for the Orb.
     0 | D        | Reached XP level 1. HP: 19/19 MP: 0/0
    13 | D        | Reached XP level 2. HP: 22/28 MP: 1/1
    46 | D        | Killed a water moccasin
    80 | D        | Noticed an ice statue
    81 | D        | Noticed Menkaure
    86 | D        | Killed Menkaure
    87 | D        | Reached XP level 3. HP: 22/39 MP: 2/2
    87 | D        | Reached XP level 4. HP: 27/47 MP: 3/3
   222 | D        | Found Maholin's Book Shoppe.
   222 | D        | Found Wezoshro's Book Emporium.
   223 | D        | Found Fiep's Assorted Antiques.
   223 | D        | Found Juh Lal's General Store.
   224 | D        | Found Qyhutzu's Jewellery Shoppe.
   224 | D        | Found Soeczu's Antique Armour Emporium.
   225 | D        | Found Dalotsa's Antique Weapon Shoppe.
   226 | D        | Found Qaxzuy Cogra's Jewellery Emporium.
   226 | D        | Found Loeghire's Antique Armour Shoppe.
   226 | D        | Engulfed by an ice statue's freezing vapour

Illustrated notes

Levels and vault maps discovered:
D:        the_violet_keep_of_menkaure [sprint2_stairs_cluster_1,
          sprint2_shoproom, sprint2_temple, sprint2_basic_supplies,
          sprint2_obstacle_1, sprint2_obstacle_6, sprint2_obstacle_2,
          sprint2_obstacle_7, sprint2_obstacle_5, sprint2_timed_cluster_1,
          sprint2_smallroom_cluster_1, sprint2_smallroom_final_cluster_1,
          sprint2_transparent_cluster_1, sprint2_second_timed_cluster_1,
          sprint2_sniper_area_1, sprint2_heavy_combat_area_1,
          sprint2_mutation_trap_area_1, sprint2_forest_area_1,
          sprint2_light_combat_area_1, sprint2_behind_water_1,
          sprint2_near_end_vault_1]

Skill      XL: |  1  2 |
---------------+-------+-----
Fighting       | 4 7 |  7.3
Armour         | 4 7 |  7.0
Shields        | 4 7 |  7.3
Long Blades    | 4 |  4.9

Action                   |  1- 3 |  4- 6 || total
-------------------------+-------+-------++-------
Melee: Long sword        |    14 |       ||    14
       Headbutt          |     3 |       ||     3
Armor: Scale mail        |     2 |       ||     2
Dodge: Dodged            |     4 |     1 ||     5
Block: Buckler           |     3 |       ||     3
